 Dungeon Crawl Stone Soup version 0.31-a0-75-g6fe912e8c5 (webtiles) character file.

Game seed: 9679653363226622350

193 Pimp the Conjurer (level 5, -3/28 HPs)
             Began as a Deep Elf Conjurer on May 23, 2023.
             Killed from afar by Blork the orc (12 damage)
             ... with a puff of frost
             ... on level 4 of the Dungeon.
             The game lasted 00:07:25 (4176 turns).

Pimp the Conjurer (Deep Elf Conjurer)               Turns: 4176, Time: 00:07:26

Health: -3/28      AC:  5    Str:  4    XL:     5   Next: 44%
Magic:  13/13      EV: 13    Int: 23    God:
Gold:   187        SH:  0    Dex: 15    Spells: 7/13 levels left

rFire   + . .        d - staff of fire
rCold   . . .        (no shield)
rNeg    . . .        a - +0 robe
rPois   .            l - +2 helmet
rElec   .            (no cloak)
rCorr   .            (no gloves)
SInv    +            (no boots)
Will    .....        (no amulet)
Stlth   +++          m - ring of see invisible
HPRegen 0.24/turn    (no ring)
MPRegen 0.13/turn

%: no passive effects
@: no status effects
A: no striking features
a: no special abilities


You were on level 4 of the Dungeon.
You visited 1 branch of the dungeon, and saw 5 of its levels.

You collected 187 gold pieces.

Inventory:

Hand Weapons
 c - a +2 long sword of holy wrath
Armour
 a - a +0 robe (worn)
 l - a +2 helmet (worn)
Magical Staves
 d - a staff of fire (weapon)
Jewellery
 m - a ring of see invisible (left hand)
 q - an amulet of faith
Wands
 g - a wand of polymorph (4)
 p - a wand of charming (11)
Scrolls
 f - a scroll of amnesia
 i - 2 scrolls of teleportation
Potions
 b - 2 potions of magic
 e - 3 potions of enlightenment
 h - a potion of ambrosia
 j - a potion of haste
 k - a potion of might {unknown}
 n - a potion of curing {unknown}


   Skills:
 + Level 3.9 Dodging
 + Level 4.2 Stealth
 + Level 4.6 Spellcasting
 + Level 5.3 Conjurations


You had 7 spell levels left.
You knew the following spells:

 Your Spells              Type           Power      Damage    Failure   Level
a - Magic Dart            Conj           100%       1d8       1%          1
b - Searing Ray           Conj           60%        2d6       1%          2
c - Dazzling Flash        Conj/Hex       28%        N/A       12%         3

Your spell library contained the following spells:

 Spells                   Type           Power      Damage    Failure   Level
 Poisonous Vapours        Pois/Air       4%         N/A       19%         2
 Mephitic Cloud           Conj/Pois/Air  10%        N/A       19%         3
 Fulminant Prism          Conj/Hex       7%         3d6       38%         4
 Iskenderun's Mystic Bla  Conj/Tloc      14%        2d5       38%         4
 Freezing Cloud           Conj/Ice/Air   5%         6-21      87%         5


Dungeon Overview and Level Annotations

Branches:
Dungeon (5/15)             Temple (0/1) D:4

Altars:
Dithmenos
Hepliaklqana
Qazlal
Vehumet
The Shining One

Shops:
D:1 (   D:3 !

Annotations:
D:4 Blork the orc


Message History

There is a stone staircase leading down here.
There is a stone staircase leading down here.
You start resting.
HP restored.
You climb downwards.
Found a scroll of enchant armour and 4 stones.
There is a stone staircase leading up here.
Found a stone staircase leading up.
o - a scroll of enchant armour
As you read the scroll of enchant armour, it crumbles to dust.
Your +1 helmet glows green for a moment.
Found a radiant altar of Vehumet.
You now have 187 gold pieces (gained 17).
There is a radiant altar of Vehumet here.
An ogre comes into view. It is wielding a +0 giant club.
The magic dart hits the ogre!
The ogre is moderately wounded.
The magic dart hits the ogre.
The ogre is moderately wounded.
The ogre hits you with a +0 giant club!
An adder comes into view.
The ogre attacks as you move away! The ogre hits you with a +0 giant club.
The adder misses you. The adder bites you but does no damage.
The adder closely misses you. The adder bites you but does no damage.
There is a stone staircase leading up here.
The adder misses you. The adder barely misses you.
You climb upwards.
Level annotation: Blork the orc Blork the orc shouts!
Blork the orc barely misses you.
There is a stone staircase leading down here.
Blork the orc attacks as you move away! Blork the orc misses you.
Blork the orc hits you from afar with a +0 trident.
The adder bites you. Blork the orc misses you.
The adder attacks as you move away! The adder bites you but does no damage.
Blork the orc gestures at you while chanting.
The puff of frost hits you!
You die...

# #.# ##.....###### ### #.#
#...........# ..###.#
#...........# ......###
##...........# #.......###
##............# ..........####
#.............#
.............#########.......#
...)....#....#....o..#.......#
.<......####.#.>@#.>.#......##
.........# ###...S...#......#
.........#############.....##
................# #.....###
#.....####....### #######
##...## ##......### #..##
##.........## ####
#...........## ##............#


You could see Blork the orc and an adder.

Vanquished Creatures
  Natasha (thrice) (D:2)
  2 adders
  A worm (D:2)
  5 dart slugs
  6 orcs (D:3)
  2 bats
  3 endoplasms
  4 giant cockroaches
  7 goblins
  6 hobgoblins
  8 jackals
  6 quokkas
  7 ball pythons
  2 frilled lizards
  9 kobolds
  7 rats
78 creatures vanquished.

Notes
Turn   | Place    | Note
-------+----------+-------------------------------------------
     0 | D:1      | Pimp the Deep Elf Conjurer began the quest for the Orb.
     0 | D:1      | Reached XP level 1. HP: 10/10 MP: 6/6
   148 | D:1      | Found Othruom's Antique Weapon Boutique.
   158 | D:1      | Reached XP level 2. HP: 15/15 MP: 4/8
   592 | D:1      | Reached XP level 3. HP: 19/19 MP: 5/10
  1237 | D:2      | Found a stormy altar of Qazlal.
  1402 | D:2      | Learned a level 2 spell: Searing Ray
  1406 | D:2      | Learned a level 3 spell: Dazzling Flash
  1489 | D:2      | Noticed Natasha
  1495 | D:2      | Killed Natasha
  1496 | D:2      | Reached XP level 4. HP: 17/24 MP: 7/12
  1655 | D:2      | Reached skill level 5 in Conjurations
  1842 | D:2      | Noticed Natasha
  1854 | D:2      | Killed Natasha
  1883 | D:2      | Noticed Natasha
  1887 | D:2      | Killed Natasha
  1888 | D:2      | Reached XP level 5. HP: 28/28 MP: 8/13
  2237 | D:3      | Found a faded altar of an unknown god.
  2562 | D:3      | Found Ogegez's Distillery.
  2763 | D:3      | Found a shadowy altar of Dithmenos.
  3306 | D:4      | Noticed Blork the orc
  3307 | D:4      | Found a staircase to the Ecumenical Temple.
  3951 | D:4      | Found a glowing golden altar of the Shining One.
  3951 | D:4      | Found a hazy altar of Hepliaklqana.
  4064 | D:5      | Entered Level 5 of the Dungeon
  4065 | D:5      | Noticed a centaur
  4141 | D:5      | Found a radiant altar of Vehumet.
  4161 | D:5      | Noticed an ogre
  4176 | D:4      | Killed from afar by Blork the orc

Illustrated notes

Levels and vault maps discovered:
D:1:      tekkud_arrival_beachfront_property, layout_loops_ring, serial_shops,
          nicolae_shop_tiny_glass, minmay_pentomino_x2
D:2:      layout_loops_ring, basic_altar, uniq_natasha
D:3:      layout_basic, mainiacjoe_overflow_brackets, serial_shops, shop,
          ebering_ecumenical_altar_mist
D:4:      layout_cave_pods, gammafunk_temple_overflow_elements,
          minmay_temple_entry_from_below_a, hangedman_decor_growths,
          minmay_misc_feat_tiny, uniq_blork_the_orc
D:5:      layout_basic, lemuel_crystal_altar

Skill      XL: |  1  2  3  4 |
---------------+-------------+-----
Stealth        | 3 4 |  4.2
Dodging        | 3 |  3.9
Spellcasting   | 4 |  4.6
Conjurations   | 5 |  5.3

Action                     |  1- 3 |  4- 6 || total
---------------------------+-------+-------++-------
  Melee: Staff             |    16 |       ||    16
         Unarmed           |       |     3 ||     3
   Cast: Magic Dart        |    88 |    70 ||   158
    Use: Scroll            |       |     9 ||     9
         Potion            |       |     3 ||     3
 Armour: Robe              |    11 |     3 ||    14
         Skin              |       |     1 ||     1
  Dodge: Dodged            |    34 |    12 ||    46

Table legend: (Time is in decaauts)
 A = Elapsed time spent in this place.
 B = Non-inter-level travel time spent in this place.
 C = Inter-level travel time spent in this place.
 D = Time resting spent in this place.
 E = Time spent auto-exploring this place.
 F = Levels seen in this place.
 G = Mean time per level.
                   A        B        C        D        E       F      G
               +--------+--------+--------+--------+--------+-----+--------+
         Total |   4161 |   3973 |    188 |     47 |   3471 |   5 |  832.2 |
       Dungeon |   4161 |   3973 |    188 |     47 |   3471 |   5 |  832.2 |
               +--------+--------+--------+--------+--------+-----+--------+

Top non-repeatable levels by time:
     D:1: 1115 daAuts
     D:2: 1090 daAuts
     D:4: 966 daAuts
     D:3: 939 daAuts
     D:5: 49 daAuts
